 Dungeon Crawl Stone Soup version 0.25-a0-937-gcfae464cf3 (webtiles) character file.

Game seed: 13673668431532736102, levelgen mode: deterministic

3165 kae the Grappler (level 9, -17/81 HPs)
             Began as a White Draconian Berserker on Apr 30, 2020.
             Was an Elder of Trog.
             Demolished by a large abomination (21 damage)
             ... on level 1 of the Abyss on May 4, 2020.
             The game lasted 00:09:00 (5481 turns).

kae the Grappler (White Draconian Berserker)        Turns: 5481, Time: 00:09:01

Health: -17/81     AC: 11    Str: 23    XL:     9   Next: 63%
Magic:  0/9        EV: 15    Int:  7    God:    Trog [****..]
Gold:   329        SH:  0    Dex: 11    Spells: 8/8 levels left

rFire    . . .     SeeInvis .     - Unarmed
rCold    + . .     Gourm    .   (no shield)
rNeg     . . .     Faith    .   (armour unavailable)
rPois    .         Spirit   +   (helmet restricted)
rElec    .         Reflect  .   p - +2 cloak
rCorr    .         Harm     .   (no gloves)
MR       +....                  d - +0 pair of boots
Stlth    +.........             e - amulet of guardian spirit
HPRegen  0.23/turn              (no ring)
MPRegen  0.11/turn              (no ring)

@: berserk cooldown
A: breathe frost, unfitting armour, cold resistance 1, magic resistance 1,
cold-blooded, subdued magic 1, AC +7
a: Breathe Frost, Berserk, Trog's Hand, Brothers in Arms, Renounce Religion


You were on level 1 of the Abyss.
You worshipped Trog.
Trog was greatly pleased with you.
You were not hungry.

You visited 1 branch of the dungeon, and saw 6 of its levels.
You visited the Abyss 1 time.
You also visited: Sewer.

You collected 329 gold pieces.

Inventory:

Armour
 d - a +0 pair of boots (worn)
 p - a +2 cloak (worn)
Jewellery
 e - an amulet of guardian spirit (around neck)
Wands
 l - a wand of flame (11)
 m - a wand of iceblast (5)
Scrolls
 f - 6 scrolls of remove curse
 g - 2 scrolls of fog
 h - 2 scrolls of magic mapping
 j - 2 scrolls of blinking
 q - 2 scrolls of teleportation
Potions
 b - 2 potions of might
 c - 3 potions of stabbing
 i - 2 potions of magic
 k - a potion of cancellation
 n - 3 potions of haste
 o - 2 potions of heal wounds
Comestibles
 a - 13 rations
 r - 4 chunks of flesh


   Skills:
 + Level 8.1 Fighting
 + Level 6.8 Dodging
 * Level 10.1 Unarmed Combat


You had 8 spell levels left.
You didn't know any spells.
Your spell library was empty.

Dungeon Overview and Level Annotations

Branches:
Dungeon (6/15)             Temple (0/1) D:6           Sewer (visited)

Altars:
Dithmenos
Fedhas
Gozag
Xom

Annotations:
D:5 2 transporters, DOPEyDwarf's ghost, novice DsFi


Innate Abilities, Weirdness & Mutations

You can breathe waves of freezing cold.
You can buffet flying creatures when you breathe cold.
Your icy white scales are hard. (AC +7)
You cannot fit into any form of body armour.
Your flesh is cold resistant. (rC+)
You are cold-blooded and may be slowed by cold attacks.
You are resistant to hostile enchantments. (MR+)
Your spells are a little easier to cast, but a little less powerful.


Message History

The sun demon is heavily wounded.
The sun demon closely misses you.
You hit the sun demon.
Your tail-slap misses the sun demon.
The sun demon is severely wounded.
The sun demon closely misses you.
The large abomination closely misses you.
You closely miss the sun demon.
You tail-slap the sun demon, but do no damage.
The sun demon is severely wounded.
The sun demon hits you!!
You are engulfed in flames!
You punch the sun demon!
You tail-slap the sun demon, but do no damage.
The sun demon is almost dead.
The large abomination hits you!!
* * * LOW HITPOINT WARNING * * *
The sun demon closely misses you.
You barely miss the sun demon.
Your tail-slap misses the sun demon.
The sun demon is almost dead.
The large abomination hits you!!
You die...

. #. " .. #
##. .#. ..#
#.. .. #.#
#.# ..#
#..###..##..#
#...X.......
#..@.....#..
#..#3.......
#..#.....####
#.....##### .
....3..#
.#.......
#.#......
..... ..
.###...


You could see a sun demon and a large abomination.

Vanquished Creatures
  Pikel (D:5)
  The ghost of incide the Covered, a novice DsGl of Okawaru (D:6)
  Grinder (D:5)
  Sigmund (D:5)
  Eustachio (D:6)
  An orc warrior (D:6)
  A sky beast (D:6)
  A slave (D:5)
  2 phantoms
  5 big kobolds (D:6)
  A bullfrog (D:6)
  A scorpion (D:4)
  A howler monkey (D:4)
  2 crimson imps
  8 orc priests
  A hound (D:4)
  Crazy Yiuf (D:3)
  An iguana (D:4)
  2 orc wizards
  Ijyb (D:3)
  2 worker ants
  A mummy (D:6)
  A worker ant zombie (D:6)
  11 gnolls
  2 river rats (D:6)
  17 adders
  A shadow imp (D:6)
  4 oozes
  An adder zombie (D:5)
  4 worms
  5 leopard geckos
  18 orcs
  2 bats
  A giant cockroach (D:2)
  4 goblins
  6 hobgoblins
  18 jackals
  8 kobolds
  3 quokkas
  5 ball pythons
  8 frilled lizards
  A jackal skeleton (D:5)
  A leopard gecko skeleton (D:4)
  12 rats
170 creatures vanquished.

Notes
Turn   | Place    | Note
-------+----------+-------------------------------------------
     0 | D:1      | kae the Draconian Berserker began the quest for the Orb.
     0 | D:1      | Reached XP level 1. HP: 19/19 MP: 1/1
   115 | D:1      | Reached XP level 2. HP: 24/26 MP: 2/2
   567 | D:2      | Reached ** piety under Trog
   567 | D:2      | Reached XP level 3. HP: 23/33 MP: 3/3
   674 | D:2      | Found an opulent altar of Gozag.
   682 | D:2      | Found a shadowy altar of Dithmenos.
   768 | D:2      | Reached skill level 4 in Unarmed Combat
  1043 | D:2      | Reached XP level 4. HP: 33/40 MP: 4/4
  1116 | D:3      | Noticed Ijyb
  1118 | D:3      | Reached XP level 5. HP: 46/46 MP: 5/5
  1548 | D:3      | Killed Ijyb
  1754 | D:3      | Reached skill level 5 in Unarmed Combat
  2080 | D:3      | Found a runed translucent door.
  2081 | D:3      | Noticed Crazy Yiuf
  2133 | D:3      | Killed Crazy Yiuf
  2203 | D:4      | Reached XP level 6. HP: 53/53 MP: 6/6
  2291 | D:4      | Gained mutation: Your spells are a little easier to cast,
                  | but a little less powerful. [potion of mutation]
  2291 | D:4      | Gained mutation: You are resistant to hostile enchantments.
                  | (MR+) [potion of mutation]
  2722 | D:4      | Reached skill level 5 in Fighting
  2727 | D:4      | Reached *** piety under Trog
  2879 | D:4      | Reached skill level 6 in Unarmed Combat
  2882 | D:4      | Your scales start taking on an icy white colour.
  2882 | D:4      | Reached XP level 7. HP: 61/61 MP: 7/7
  2882 | D:4      | Gained mutation: Your flesh is cold resistant. (rC+) [White
                  | Draconian growth]
  3390 | D:5      | Entered Level 5 of the Dungeon
  3390 | D:5      | Noticed Sigmund
  3398 | D:5      | Killed Sigmund
  3443 | D:5      | Noticed Pikel
  3458 | D:5      | Killed Pikel
  3458 | D:5      | Reached skill level 5 in Dodging
  3458 | D:5      | Reached skill level 7 in Unarmed Combat
  3458 | D:5      | Reached XP level 8. HP: 71/71 MP: 8/8
  3547 | D:5      | Noticed a hippogriff
  3548 | D:5      | Noticed DOPEyDwarf's ghost (novice DsFi)
  3549 | D:5      | Found a transporter.
  3552 | D:5      | Noticed a lindwurm
  3552 | D:5      | a hippogriff changed into a lindwurm
  3557 | D:5      | Found a transporter.
  3566 | D:5      | Noticed a hippogriff
  3566 | D:5      | a lindwurm changed into a hippogriff
  3569 | D:5      | Reached skill level 8 in Unarmed Combat
  3796 | D:5      | Noticed Grinder
  3802 | D:5      | Killed Grinder
  3837 | D:5      | Found a shimmering altar of Xom.
  4102 | D:6      | Found a staircase to the Ecumenical Temple.
  4130 | D:6      | Upgraded the game from 0.25-a0-869-g05d4e06a41 to
                  | 0.25-a0-937-gcfae464cf3
  4202 | D:6      | Reached **** piety under Trog
  4239 | D:6      | Found a glowing drain.
  4262 | Sewer    | Entered a sewer
  4658 | D:6      | Reached skill level 9 in Unarmed Combat
  4658 | D:6      | Reached XP level 9. HP: 74/79 MP: 6/9
  4811 | D:6      | Noticed Eustachio
  4820 | D:6      | Killed Eustachio
  4889 | D:6      | Found a blossoming altar of Fedhas.
  5259 | D:6      | Found a runed translucent gate.
  5260 | D:6      | Found a runed translucent gate.
  5261 | D:6      | Found a runed translucent gate.
  5261 | D:6      | Noticed incide's ghost (novice DsGl)
  5428 | D:6      | Killed incide's ghost
  5428 | D:6      | Reached skill level 10 in Unarmed Combat
  5437 | D:6      | Cast into level 1 of the Abyss (big kobold)
  5465 | Abyss:1  | Noticed a sun demon
  5472 | Abyss:1  | Noticed a large abomination
  5480 | Abyss:1  | HP: 4/81 [large abomination (21)]
  5481 | Abyss:1  | Demolished by a large abomination

Levels and vault maps discovered:
D:1:      wander_arrival_lonely_grave, layout_rooms, st_stairs_1
D:2:      layout_basic, lemuel_doored_altar, grunt_dithmenos_smoke_and_mirrors,
          minmay_misc_feat_four_crosses
D:3:      layout_rooms, uniq_crazy_yiuf_cottage, uniq_ijyb
D:4:      cheibrodos_quashed, layout_loops_ring, first_ration
D:5:      layout_loops_ring, xom_teletrap_fun, gammafunk_ghost_arena,
          serial_bayou_pond_c, minmay_stone_trees_small, grunt_decor_arrowhead,
          uniq_sigmund, uniq_grinder, uniq_pikel
D:6:      layout_cave_pools, fedhas_altar_1, minmay_temple_entry_stoned_glass,
          lightli_sewer_entry_pipes, gup_ossuary_entry_pyramid,
          gammafunk_ghost_nasty_kobolds, uniq_eustachio
Abyss:1:  base:
D:2

Skill      XL: |  1  2  3  4  5  6  7  8  9 |
---------------+----------------------------+-----
Dodging        | 3 4 5 6 |  6.8
Unarmed Combat | 4 5 6 7 9 10 | 10.1
Fighting       | 4 5 6 7 8 |  8.1

Action                   |  1- 3 |  4- 6 |  7- 9 || total
-------------------------+-------+-------+-------++-------
Melee: Unarmed           |   103 |   183 |   296 ||   582
       Tailslap          |     9 |    20 |    39 ||    68
       Punch             |       |     2 |     8 ||    10
Invok: Berserk           |       |     8 |    11 ||    19
 Abil: Breathe Frost     |       |       |     7 ||     7
  Use: Scroll            |       |     5 |     9 ||    14
       Potion            |       |     5 |     3 ||     8
  Eat: Chunk             |       |    13 |    17 ||    30
       Ration            |       |       |     1 ||     1
Armor: Skin              |    42 |    69 |    69 ||   180
Dodge: Dodged            |    64 |   157 |   162 ||   383

Table legend:
 A = Non-vault XP
 B = Vault XP
 C = Vault XP percentage of total XP
 D = Non-vault monster count
 E = Vault monster count
 F = Vault count percentage of total count
                 A         B        C        D         E       F
            +---------+---------+-------+---------+---------+-------
      Total |    1932 |    2590 |  57.3 |     130 |      39 |  23.1
            +---------+---------+-------+---------+---------+-------
        D:1 |      28 |       2 |   6.7 |      18 |       1 |   5.3
        D:2 |      91 |       0 |   0.0 |      19 |       0 |   0.0
        D:3 |     150 |      76 |  33.6 |      17 |       2 |  10.5
        D:4 |     675 |       0 |   0.0 |      36 |       0 |   0.0
        D:5 |     306 |    1098 |  78.2 |      17 |       3 |  15.0
        D:6 |     682 |    1359 |  66.6 |      23 |      18 |  43.9
      Sewer |       0 |      55 | 100.0 |       0 |      15 | 100.0
            +---------+---------+-------+---------+---------+-------
